 Dungeon Crawl Stone Soup version 0.22-a0-596-gfbd32a6 (webtiles) character file.

11115 wellist the Protected (level 11, -5/106 HPs)
             Began as a Deep Dwarf Fighter on July 6, 2018.
             Was an Elder of Makhleb.
             Killed from afar by a battlesphere (17 damage)
             ... created by a tengu reaver
             ... on level 11 of the Dungeon.
             The game lasted 00:44:53 (9574 turns).

wellist the Protected (Deep Dwarf Fighter)          Turns: 9574, Time: 00:44:56

Health: -5/106     AC: 19    Str: 21    XL:     11   Next: 45%
Magic:  10/10      EV:  3    Int:  9    God:    Makhleb [****..]
Gold:   597        SH: 19    Dex: 14    Spells: 10/10 levels left

rFire    . . .     SeeInvis +   E - +6 war axe "Moedwakh" {flame, rN+}
rCold    . . .     Gourm    .   l - +0 large shield
rNeg     + + .     Faith    .   P - +0 plate armour
rPois    .         Spirit   .   (no helmet)
rElec    .         Reflect  +   c - +0 cloak
rCorr    .         Harm     .   (no gloves)
MR       +....                  m - +2 pair of boots
Stlth    ..........             L - +3 amulet of reflection
HPRegen  0.00/turn              n - ring of see invisible
MPRegen  0.12/turn              K - ring of positive energy

@: non-regenerating
A: damage resistance, heal wounds, sense surroundings 2, no regeneration
a: Heal Wounds, Minor Destruction, Lesser Servant of Makhleb, Major Destruction,
Renounce Religion


You were on level 11 of the Dungeon.
You worshipped Makhleb.
Makhleb was greatly pleased with you.
You were hungry.

You visited 2 branches of the dungeon, and saw 12 of its levels.

You collected 597 gold pieces.

Inventory:

Hand Weapons
 a - a +1 war axe
 E - the +6 war axe "Moedwakh" (weapon) {flame, rN+}
   (You took it off an orc on level 5 of the Dungeon)

   It has been specially enchanted to burn those struck by it, causing extra
   injury to most foes and up to half again as much damage against particularly
   susceptible opponents.
   Big, fiery blades are also staple armaments of hydra-hunters.
   It protects you from negative energy.
Armour
 c - a +0 cloak (worn)
 l - a +0 large shield (worn)
 m - a +2 pair of boots (worn)
 P - a +0 plate armour (worn)
Jewellery
 n - a ring of see invisible (left hand)
 K - a ring of positive energy (right hand)
 L - a +3 amulet of reflection (around neck)
Wands
 b - a wand of random effects (23)
 p - a wand of paralysis (3)
 A - a wand of iceblast (8)
 H - a wand of enslavement (17)
 I - a wand of clouds (6)
 M - a wand of acid (8)
 N - a wand of flame (12)
 O - a wand of digging (11)
Scrolls
 g - 3 scrolls of amnesia
 i - 3 scrolls of fog
 k - 2 scrolls of identify
 s - a scroll of silence
 u - 7 scrolls of teleportation
 w - 5 scrolls of remove curse
 y - a scroll of fear
 B - 2 scrolls of blinking
 D - 3 scrolls of enchant weapon
Potions
 d - 2 potions of might
 e - a potion of brilliance {unknown}
 h - a potion of invisibility {unknown}
 j - a potion of resistance {unknown}
 o - 3 potions of agility
 q - a potion of haste {unknown}
 r - a potion of magic
 t - a potion of heal wounds
 v - a potion of ambrosia {unknown}
 x - a potion of lignification {unknown}
 z - 4 potions of flight
 C - a potion of curing
 F - a potion of mutation {unknown}
 J - a potion of berserk rage {unknown}
Comestibles
 f - 18 rations


   Skills:
 * Level 9.0 Fighting
 * Level 10.4 Axes
 * Level 10.7 Armour
 + Level 7.8 Shields
 + Level 7.2 Invocations


You had 10 spell levels left.
You didn't know any spells.
Your spell library contained the following spells:

 Spells                   Type           Power        Failure   Level  Hunger
 Stone Arrow              Conj/Erth      #.....       100%        3    ####...
 Passwall                 Tmut/Erth      #.......     100%        2    ###....
 Lee's Rapid Deconstruct  Erth           #.........   100%        5    ######.
 Sandblast                Erth           #.....       100%        1    ##.....
 Petrify                  Tmut/Erth      #.......     100%        4    #####..


Dungeon Overview and Level Annotations

Branches:
Dungeon (11/15)            Temple (1/1) D:4             Orc (0/2) D:10
   Lair: D:8-11

Altars:
Ashenzari
Cheibriados
Dithmenos
Elyvilon
Fedhas
Gozag
Hepliaklqana
Kikubaaqudgha
Makhleb
Nemelex Xobeh
Okawaru
Qazlal
Ru
Sif Muna
Trog
Uskayaw
Vehumet
Wu Jian
Xom
Yredelemnul
Zin
The Shining One


Innate Abilities, Weirdness & Mutations

You are resistant to damage.
You can heal yourself by infusing magical energy.
You passively map the area around you.
You do not regenerate.


Message History

The tengu reaver is moderately wounded.
The tengu reaver casts a spell at you. The bolt of lightning hits you!
The battlesphere fires!
The barrage of energy hits you! The tengu reaver blocks your attack.
The tengu reaver is moderately wounded.
You block the tengu reaver's attack. x2
The tengu reaver claws you but does no damage.
You miss the tengu reaver.
The tengu reaver is moderately wounded.
You block the tengu reaver's attack.
The tengu reaver pecks you but does no damage.
You block the tengu reaver's attack. The tengu reaver blocks your attack.
The tengu reaver is moderately wounded.
The tengu reaver casts a spell at you. The bolt of lightning hits you!
* * * LOW HITPOINT WARNING * * *
The battlesphere fires!
The barrage of energy hits you!
You die...

, #..,.# , * * , *,,, ,
#.##.# ,* , * * ,, ,
###....##### , ,# *
...........###### .## ,*
+ ,* .........# #....#
##% # , #.#......#
#....#* C.*$#, , ,
##.......#.#....#,## [#
, ,
###.....>..###'###.#Q#*
, ,
#.##'########*..@##.# *
.).### +.###Q# , , *, *
#.###########...#Cp#[#*
* ,,
###...........########,,
* ** ##.#.....#..#.# *
** #..#..#..#.<#.# * ,,,
..............# ,, *
######+######## , ,, ,,,
* * , ,, ,,,


You could see a frost giant, a tengu reaver, a wizard and a battlesphere.

Vanquished Creatures
  Snorg (D:10)
  Erolcha (D:9)
  2 two-headed ogres
  An unseen horror (D:10)
  An ugly thing (D:11)
  A cyclops (D:9)
  Maurice (D:9)
  Joseph (D:9)
  Psyche (D:10)
  A troll (D:10)
  3 yaks (D:10)
  Grum (D:7)
  A human (D:7)
  4 hogs (D:7)
  A hungry ghost (D:7)
  An acid dragon (D:11)
  Duvessa (D:6)
  5 orc warriors
  2 sky beasts
  A black bear (D:8)
  A necrophage (D:7)
  An eye of draining (D:10)
  3 wolves (D:7)
  An ogre (D:9)
  A centaur (D:6)
  7 bullfrogs
  A wyvern zombie (D:6)
  Dowan (D:6)
  8 scorpions
  9 wights
  A howler monkey (D:5)
  4 crimson imps
  2 jellies
  8 orc priests
  6 hounds
  10 orc wizards
  2 bullfrog skeletons
  3 iguanas
  Ijyb (D:4)
  Natasha (D:3)
  7 worker ants
  Robin (D:4)
  A worker ant zombie (D:10)
  A howler monkey skeleton (D:8)
  7 gnolls
  7 adders
  A shadow imp (D:7)
  3 oozes
  3 adder zombies
  An adder skeleton (D:8)
  2 worms
  2 dart slugs
  73 orcs
  A ball python (D:3)
  3 bats
  A giant cockroach (D:7)
  23 goblins
  6 hobgoblins
  4 jackals (D:1)
  2 quokkas
  A frilled lizard (D:1)
  5 kobolds
  6 rats
263 creatures vanquished.

Vanquished Creatures (others)
  A centaur (D:9)
  3 fungi (D:11)
4 creatures vanquished.

Grand Total: 267 creatures vanquished

Notes
Turn   | Place    | Note
-------+----------+-------------------------------------------
     0 | D:1      | wellist the Deep Dwarf Fighter began the quest for the Orb.
     0 | D:1      | Reached XP level 1. HP: 20/20 MP: 1/1
   184 | D:1      | Reached XP level 2. HP: 27/27 MP: 2/2
  1378 | D:2      | Found a shattered altar of Ashenzari.
  1422 | D:2      | Reached XP level 3. HP: 27/34 MP: 3/3
  2099 | D:3      | Reached XP level 4. HP: 42/42 MP: 3/3
  2770 | D:3      | Noticed Natasha
  2783 | D:3      | Killed Natasha
  2783 | D:3      | Reached XP level 5. HP: 34/50 MP: 4/4
  2982 | D:4      | Found a staircase to the Ecumenical Temple.
  2989 | Temple   | Entered the Ecumenical Temple
  3341 | D:4      | Reached XP level 6. HP: 56/57 MP: 5/5
  3580 | D:4      | Reached skill level 5 in Armour
  3693 | D:4      | Noticed Robin
  3710 | D:4      | Killed Robin
  3860 | D:4      | Noticed Ijyb
  3874 | D:4      | Killed Ijyb
  4354 | D:5      | Entered Level 5 of the Dungeon
  4560 | D:5      | Reached XP level 7. HP: 33/66 MP: 0/6
  4620 | D:5      | Reached skill level 5 in Axes
  4634 | D:5      | Got a blackened war axe {flame}
  4635 | D:5      | Identified the +6 war axe "Moedwakh" {flame, rN+} (You took it off an orc on level 5 of the Dungeon)
  5072 | D:5      | Found a burning altar of Makhleb.
  5085 | D:5      | Became a worshipper of Makhleb the Destroyer
  5139 | D:5      | Found a shadowy altar of Dithmenos.
  5385 | D:6      | Reached skill level 5 in Fighting
  5444 | D:6      | Reached skill level 1 in Invocations
  5452 | D:6      | Reached XP level 8. HP: 59/74 MP: 0/7
  5522 | D:6      | Reached skill level 5 in Shields
  5617 | D:6      | Found a sacrificial altar of Ru.
  5895 | D:6      | Found a snail-covered altar of Cheibriados.
  5964 | D:6      | Noticed Duvessa
  5965 | D:6      | Noticed Dowan
  5969 | D:6      | Killed Duvessa
  5973 | D:6      | Killed Dowan
  6094 | D:7      | Reached * piety under Makhleb
  6193 | D:7      | Noticed a two-headed ogre
  6204 | D:7      | Killed a two-headed ogre
  6204 | D:7      | Gained mutation: You passively map the area around you. [Deep Dwarf growth]
  6204 | D:7      | Reached XP level 9. HP: 28/85 MP: 0/9
  6232 | D:7      | Found a bloodstained altar of Trog.
  6713 | D:7      | Found a deep blue altar of Sif Muna.
  6871 | D:8      | Noticed Grum
  6963 | D:7      | Reached skill level 5 in Invocations
  6973 | D:7      | Killed Grum
  6991 | D:7      | Reached XP level 10. HP: 73/94 MP: 10/10
  7061 | D:8      | Reached ** piety under Makhleb
  7561 | D:9      | Noticed Maurice
  7606 | D:9      | Killed Maurice
  7690 | D:9      | Noticed a cyclops
  7691 | D:9      | Noticed Joseph
  7726 | D:9      | Killed Joseph
  7732 | D:9      | Killed a cyclops
  7874 | D:9      | Noticed Erolcha
  7893 | D:9      | Killed Erolcha
  8167 | D:10     | Entered Level 10 of the Dungeon
  8171 | D:10     | Reached skill level 10 in Armour
  8209 | D:10     | Noticed Snorg
  8213 | D:10     | Reached *** piety under Makhleb
  8231 | D:10     | Killed Snorg
  8231 | D:10     | Reached XP level 11. HP: 60/104 MP: 11/11
  8470 | D:10     | Noticed an unseen horror
  8490 | D:10     | Found a staircase to the Orcish Mines.
  8521 | D:10     | Killed an unseen horror
  8852 | D:10     | Reached skill level 10 in Axes
  8944 | D:10     | Noticed Psyche
  8951 | D:10     | Killed Psyche
  8951 | D:10     | Reached **** piety under Makhleb
  9133 | D:10     | Noticed a two-headed ogre
  9141 | D:10     | Killed a two-headed ogre
  9532 | D:11     | Noticed a cyan ugly thing
  9547 | D:11     | Killed a cyan ugly thing
  9556 | D:11     | Noticed a frost giant
  9556 | D:11     | Noticed a tengu reaver
  9561 | D:11     | Noticed a wizard
  9574 | D:11     | Killed from afar by a battlesphere

Vault maps used:
D:1:      dpeg_arrival_arbitrary_c, skrybe_limestone_x
D:2:      ashenzari_altar_1
D:3:      cheibrodos_greedy_goblins, first_ration, minivault_5,
          kennysheep_cluttered_room, uniq_natasha
D:4:      temple_green, minmay_unequal, uniq_ijyb, uniq_robin
D:5:      makhleb_blood_cavern_becter, serial_co_window_serial,
          co_window_of_opportunity_a, co_window_paths_a,
          co_window_of_opportunity_a, co_window_paths_a, co_window_corner_a,
          co_window_paths_a, co_window_corner_a, co_window_corner_a,
          co_window_paths_a, co_window_paths_c, co_window_unsneaky_path_d,
          co_window_corner_b, glass_columns_a, glass_columns_a, glass_columns_b,
          minivault_19, nicolae_dithmenos_through_a_glass_darkly
D:6:      cheibrodos_worm_habitat, nicolae_ru_awakened_eye, minmay_crossroads,
          uniq_duvessa
D:7:      led_sif_pool, old_standard_altar, grunt_livestock
D:8:      uniq_grum
D:9:      minmay_sticks_and_stones, uniq_maurice, uniq_erolcha, uniq_joseph
D:10:     hiddenorc2_lemuel, uniq_snorg, uniq_psyche
D:11:     minmay_glassy_protrusions, grunt_lair_entry_orc_guard_hut,
          enter_bailey_5, nrook_loot_triangle
Temple:   eino_temple_scatter_basement

Skill      XL: |  1  2  3  4  5  6  7  8  9 10 11 |
---------------+----------------------------------+-----
Fighting       | 3 4 5 6 7 8 9 |  9.0
Axes           | 3 4 5 7 8 9 10 | 10.4
Armour         | 4 5 6 7 8 10 | 10.7
Shields        | 4 5 6 7 |  7.8
Invocations    | 1 3 5 6 7 |  7.2

Action                   |  1- 3 |  4- 6 |  7- 9 | 10-12 || total
-------------------------+-------+-------+-------+-------++-------
Melee: War axe           |   122 |   184 |   226 |   294 ||   826
Invok: Minor Destruction |       |       |       |     1 ||     1
       Lesser Servant of |       |       |       |     1 ||     1
 Abil: Heal Wounds       |     2 |     3 |     8 |    13 ||    26
  Use: Scroll            |       |     7 |       |     8 ||    15
       Potion            |       |       |       |     4 ||     4
  Eat: Chunk             |     2 |     2 |     6 |     8 ||    18
       Ration            |     1 |     1 |     1 |       ||     3
Armor: Scale mail        |    65 |    83 |    87 |    43 ||   278
       Plate armour      |       |       |       |    39 ||    39
Dodge: Dodged            |    36 |    70 |    39 |    28 ||   173
Block: Shield            |    51 |    83 |       |       ||   134
       Large shield      |       |    21 |   209 |   275 ||   505
       Reflection        |       |       |     2 |    23 ||    25

Table legend:
 A = Spawn XP
 B = Non-spawn XP
 C = Spawn XP percentage of total XP
 D = Spawn monster count
 E = Non-spawn monster count
 F = Spawn count percentage of total count
 G = Total turns spent on level
                    A         B        C        D         E        F      G
               +---------+---------+-------+---------+---------+-------+---------
         Total |       0 |   15879 |   0.0 |       0 |     264 |   0.0 |  9574
               +---------+---------+-------+---------+---------+-------+---------
           D:1 |       0 |      35 |   0.0 |       0 |      17 |   0.0 |  1091
           D:2 |       0 |      31 |   0.0 |       0 |       5 |   0.0 |   879
           D:3 |       0 |     162 |   0.0 |       0 |      34 |   0.0 |   914
           D:4 |       0 |     375 |   0.0 |       0 |      28 |   0.0 |  1300
           D:5 |       0 |     491 |   0.0 |       0 |      12 |   0.0 |  1014
           D:6 |       0 |     941 |   0.0 |       0 |      21 |   0.0 |   683
           D:7 |       0 |    3496 |   0.0 |       0 |      40 |   0.0 |   935
           D:8 |       0 |     861 |   0.0 |       0 |      19 |   0.0 |   399
           D:9 |       0 |    3431 |   0.0 |       0 |      23 |   0.0 |   782
          D:10 |       0 |    5308 |   0.0 |       0 |      63 |   0.0 |  1294
          D:11 |       0 |     748 |   0.0 |       0 |       2 |   0.0 |   113
               +---------+---------+-------+---------+---------+-------+---------
